 Dungeon Crawl Stone Soup version 0.29-a0-555-g3b24f45cc1 (webtiles) character file.

Game seed: 3770337252540787877

16487 siradein the Geomancer (level 12, -2/79 HPs)
             Began as a Gargoyle Earth Elementalist on June 8, 2022.
             Was an Elder of Ashenzari.
             Slain by a blink frog (13 damage)
             ... on level 3 of the Lair of Beasts.
             The game lasted 00:50:42 (18133 turns).

siradein the Geomancer (GrEE)                      Turns: 18133, Time: 00:50:43

Health: -2/79      AC: 32    Str: 13    XL:     12   Next: 38%
Magic:  2/25       EV:  9    Int: 20    God:    Ashenzari [****..]
Gold:   614        SH: 11    Dex: 10    Spells: 24/30 levels left

rFire   + . .      SeeInvis +   B - +3 flail of the Fated Repose {protect, Cun, Fort} (curse)
rCold   . . .      Faith    .   V - +0 tower shield "Omniscient Fetters" {Evo, Cun} (curse)
rNeg    + + .      Spirit   .   E - +3 leather armour "Astrological Inaction" {rF+, Self, Cun} (curse)
rPois   ∞          Reflect  .   v - +0 helmet of Supernal Knowledge {Fly Will+, Comp, Range} (curse)
rElec   +          Harm     .   y - +1 cloak of Ashenzari's Affliction {Elem, Range} (curse)
rCorr   +          Rampage  .   f - +2 pair of gloves "Mistrust of Ashenzari" {Evo, Fort} (curse)
Will    +....      Clarity  +   Q - +0 pair of boots
Stlth   ++........              m - amulet of the acrobat
HPRegen 0.23/turn               e - ring of resist corrosion
MPRegen 0.19/turn               p - ring of positive energy

@: under a protective aura, flying
A: sickness immunity, AC +8, negative energy resistance 1, electricity
resistance, torment resistance 1, petrification resistance
a: Renounce Religion, Shatter the Chains


You were on level 3 of the Lair of Beasts.
You worshipped Ashenzari.
Ashenzari was greatly pleased with you.
You visited 3 branches of the dungeon, and saw 15 of its levels.
You also visited: Ossuary.

You collected 855 gold pieces.
You spent 241 gold pieces at shops.

Inventory:

Hand Weapons
 o - a +2 dagger of draining
 B - the cursed +3 flail of the Fated Repose (weapon) {protect, Cun, Fort}
   (You took it off Edmund on level 4 of the Dungeon)

   It grants its wielder temporary protection when it strikes (+7 to AC).
   It has a curse which improves the following skills: Cunning: Dodging and
   Stealth.
   Fortitude: Armour and Shields.
Missiles
 a - 548 stones
Armour
 f - the cursed +2 pair of gloves "Mistrust of Ashenzari" (worn) {Evo, Fort}
   (You found it on level 1 of the Dungeon)

   It has a curse which improves the following skills: Evocations: Evocations.
   Fortitude: Armour and Shields.
 v - the cursed +0 helmet of Supernal Knowledge (worn) {Fly Will+, Comp, Range}
   (You found it on level 3 of the Dungeon)

   Fly:       It grants you flight.
   Will:      It increases your willpower.
   It has a curse which improves the following skills: Companions: Summonings
   and Necromancy.
   Ranged Combat: Slings, Bows, Crossbows and Throwing.
 y - the cursed +1 cloak of Ashenzari's Affliction (worn) {Elem, Range}
   (You found it on level 8 of the Dungeon)

   It has a curse which improves the following skills: Elements: Fire Magic, Ice
   Magic, Air Magic and Earth Magic.
   Ranged Combat: Slings, Bows, Crossbows and Throwing.
 E - the cursed +3 leather armour "Astrological Inaction" (worn) {rF+, Self, Cun}
   (You took it off Eustachio on level 6 of the Dungeon)

   It has a curse which improves the following skills: Introspection: Fighting
   and Spellcasting.
   Cunning:   Dodging and Stealth.
 M - a +1 helmet
 Q - a +0 pair of boots (worn)
 U - a +3 scale mail
 V - the cursed +0 tower shield "Omniscient Fetters" (worn) {Evo, Cun}
   (You bought it in a shop on level 10 of the Dungeon)

   It has a curse which improves the following skills: Evocations: Evocations.
   Cunning:   Dodging and Stealth.
Jewellery
 e - a ring of resist corrosion (left hand)
 i - an amulet of guardian spirit
 m - an amulet of the acrobat (around neck)
 p - a ring of positive energy (right hand)
 x - a ring of fire
Wands
 C - a wand of polymorph (4)
 D - a wand of iceblast (16)
 G - a wand of digging (5)
 J - a wand of charming (4)
 K - a wand of flame (19)
 P - a wand of acid (3)
 T - a wand of paralysis (8)
Scrolls
 b - 5 scrolls of teleportation
 d - a scroll of vulnerability
 h - 8 scrolls of magic mapping
 j - 2 scrolls of silence
 k - 3 scrolls of fear
 l - 6 scrolls of blinking
 q - 3 scrolls of poison
 t - a scroll of enchant weapon
 u - 2 scrolls of summoning
 w - 8 scrolls of fog
 L - a scroll of brand weapon
 N - a scroll of immolation
Potions
 c - 4 potions of magic
 g - 4 potions of flight
 n - 2 potions of might
 r - 8 potions of curing
 s - a potion of resistance
 z - 6 potions of heal wounds
 A - 4 potions of brilliance
 F - 4 potions of mutation
 H - 2 potions of haste
 I - a potion of invisibility
 R - 3 potions of cancellation
 S - 2 potions of ambrosia
Miscellaneous
 O - a lightning rod (4/4)


   Skills:
 + Level 8.8(10.8) Fighting
 + Level 8.8(11.8) Armour
 + Level 2.1(5.0) Dodging
 - Level 2.1(5.0) Stealth
 + Level 1.5(3.5) Shields
 + Level 7.7(9.7) Spellcasting
 + Level 10.4 Conjurations
 - Level 0.7 Transmutations
 + Level 12.8(14.7) Earth Magic


You had 24 spell levels left.
You knew the following spells:

 Your Spells              Type           Power      Damage    Failure   Level
a - Sandblast             Erth           100%       2d20      1%          1
b - Passwall              Tmut/Erth      33%        N/A       7%          2
c - Stone Arrow           Conj/Erth      100%       3d13      1%          3

Your spell library contained the following spells:

 Spells                   Type           Power      Damage    Failure   Level
 Petrify                  Tmut/Erth      40%        N/A       41%         4
 Freeze                   Ice            40%        1d6       67%         1
 Necrotize                Necr           40%        1d6       67%         1
 Summon Small Mammal      Summ           40%        N/A       67%         1
 Apportation              Tloc           18%        N/A       71%         1
 Hailstorm                Conj/Ice       31%        3d8       75%         4
 Call Canine Familiar     Summ           10%        N/A       96%         3
 Frozen Ramparts          Ice            20%        1d4       96%         3
 Summon Guardian Golem    Hex/Summ       10%        N/A       97%         3


Dungeon Overview and Level Annotations

Branches:
Dungeon (11/15)            Temple (1/1) D:6            Lair (3/6) D:11
  Snake (0/4) Lair:2          Orc (0/2) D:11        Ossuary (visited)
  Swamp: Lair:2-4    Shoals: Lair:2-4

Altars:
Ashenzari
Cheibriados
Dithmenos
Elyvilon
Fedhas
Gozag
Hepliaklqana
Kikubaaqudgha
Makhleb
Nemelex Xobeh
Okawaru
Qazlal
Ru
Sif Muna
Trog
Uskayaw
Vehumet
Wu Jian
Xom
Yredelemnul
Zin
The Shining One

Shops:
D:10 [

Portals:
Trove: D:10 (give 15 potions of curing)
Gauntlet: Lair:3

Annotations:
D:9 3 runed translucent doors


Innate Abilities, Weirdness & Mutations

You are immune to sickness and miasma.
Your stone body is resilient. (AC +8)
You are immune to poison.
You resist negative energy. (rN+)
You are resistant to electric shocks. (rElec)
You are resistant to unholy torment.
You are immune to petrification.


Message History

* * * LOW HITPOINT WARNING * * *
Casting: Stone Arrow (safe; 1% risk of failure)
Confirm with . or Enter, or press ? or * to list all spells.
Aiming: Stone Arrow (safe; 1% risk of failure)
Press: ? - help, Shift-Dir - straight line, f/p - blink frog
Aim: a blink frog (severely wounded, 61% to hit)
The stone arrow hits the blink frog!
You kill the blink frog!
The water moccasin bites you but does no damage. x2
The blink frog blinks!
Unknown command.
You hit the water moccasin.
The water moccasin is lightly wounded.
You block the water moccasin's attack. x2
You sock the water moccasin!
The water moccasin is heavily wounded.
You block the water moccasin's attack. The blink frog closely misses you.
You block the blink frog's attack. The water moccasin barely misses you.
The blink frog hits you but does no damage.
The water moccasin barely misses you.
You hit the water moccasin.
The water moccasin is severely wounded.
You block the water moccasin's attack. The blink frog barely misses you.
You block the blink frog's attack. x2
The water moccasin bites you but does no damage.
The blink frog hits you.
* * * LOW HITPOINT WARNING * * *
You closely miss the water moccasin.
The water moccasin is severely wounded.
The water moccasin bites you!
* * * LOW HITPOINT WARNING * * *
The blink frog hits you but does no damage.
You block the blink frog's attack.
The water moccasin bites you but does no damage.
You block the blink frog's attack.
The blink frog hits you but does no damage.
The water moccasin bites you.
* * * LOW HITPOINT WARNING * * *
The blink frog hits you!
You die...

, , , ,,.##..####....# , * ,
##..P####.... ** ,, , , ∩
#######..... , **,, , *
#####...... * *
######....... , , ,# *
#####......... ,
...##########........... ,
.#.....#####............ ,
......F@S............... ,
,, ,
,.......F..#............. ,
,,,,.........###.......$....
,,,,......$..#*....)........
,,.........##.∩........... ,
, ,.........###..........
,.......P## ##S......,, , ,
,, .......## *##.$.., , ,
,,, * * , ,


You could see 2 blink frogs and a water moccasin.

Vanquished Creatures
  A hydra (D:10)
  A boulder beetle (D:11)
  A two-headed ogre (D:9)
  An oklob plant (Lair:2)
  A manticore (D:11)
  A cyclops (D:11)
  The ghost of happo123 the Sneak, a novice KoEn of Wu Jian (D:5)
  A gargoyle (D:10)
  2 cane toads (Lair:1)
  Psyche (D:10)
  An unseen horror (D:8)
  3 komodo dragons
  Prince Ribbit (D:6)
  A troll (D:9)
  2 slime creatures (D:5)
  3 blink frogs (Lair:3)
  Sigmund (D:4)
  4 wraiths
  Eustachio (D:6)
  A vampire (D:10)
  17 yaks
  A basilisk (D:11)
  A wyvern (D:10)
  Edmund (D:4)
  A naga (Lair:2)
  A steam dragon (D:7)
  An acid dragon (D:10)
  10 water moccasins
  3 ice beasts
  2 black bears (D:5)
  2 orc warriors
  3 sky beasts
  4 ogres
  2 centaurs (D:9)
  4 kobold brigands
  4 bullfrogs
  2 scorpions
  15 wights
  4 killer bees (D:5)
  An electric eel (Lair:2)
  9 howler monkeys
  A centaur zombie (Ossuary)
  A hound (D:6)
  11 orc priests
  A jelly (D:5)
  A gnoll shaman (D:5)
  3 human zombies (Ossuary)
  13 orc wizards
  2 mummies (Ossuary)
  3 gnolls (D:5)
  9 adders
  A shadow imp (D:6)
  A white imp (D:8)
  2 ufetubi
  An adder zombie (Ossuary)
  6 dart slugs
  56 orcs
  4 ball pythons
  5 bats
  14 endoplasms
  4 giant cockroaches
  3 goblins
  6 hobgoblins
  6 jackals (D:1)
  3 quokkas
  4 frilled lizards
  3 goblin zombies (Ossuary)
  11 hobgoblin zombies (Ossuary)
  24 kobolds
  7 kobold zombies (Ossuary)
  9 orc zombies (Ossuary)
  3 rats (D:2)
  A rat zombie (Ossuary)
336 creatures vanquished.

Vanquished Creatures (others)
  A swamp drake (D:11)
  11 fungi
  24 plants
  9 toadstools (D:5)
45 creatures vanquished.

Grand Total: 381 creatures vanquished

Notes
Turn   | Place    | Note
-------+----------+-------------------------------------------
     0 | D:1      | siradein the Gargoyle Earth Elementalist began the quest
                  | for the Orb.
     0 | D:1      | Reached XP level 1. HP: 10/10 MP: 3/3
    32 | D:1      | Reached skill level 4 in Earth Magic
   256 | D:1      | Reached XP level 2. HP: 15/15 MP: 3/5
   731 | D:1      | Reached XP level 3. HP: 19/19 MP: 4/6
   806 | D:1      | Reached skill level 5 in Earth Magic
   959 | D:1      | Found a faded altar of an unknown god.
  1491 | D:2      | Reached XP level 4. HP: 24/24 MP: 5/7
  1535 | D:2      | Reached skill level 6 in Earth Magic
  2006 | D:3      | Learned a level 2 spell: Passwall
  2010 | D:3      | Learned a level 3 spell: Stone Arrow
  2076 | D:2      | Reached skill level 1 in Conjurations
  2076 | D:2      | Reached XP level 5. HP: 26/28 MP: 8/8
  2111 | D:3      | Found an opulent altar of Gozag.
  2115 | D:3      | Identified the +0 helmet "Gecsasma" {Fly Will+}
  2377 | D:3      | Reached skill level 7 in Earth Magic
  2377 | D:3      | Reached XP level 6. HP: 23/32 MP: 9/9
  2710 | D:3      | Found a hazy altar of Hepliaklqana.
  3309 | D:3      | Reached XP level 7. HP: 27/36 MP: 5/10
  3515 | D:4      | Found a radiant altar of Vehumet.
  3635 | D:4      | Reached skill level 8 in Earth Magic
  4049 | D:4      | Noticed Sigmund
  4055 | D:4      | Killed Sigmund
  4056 | D:4      | Reached skill level 5 in Conjurations
  4150 | D:4      | Noticed Edmund
  4403 | D:4      | Killed Edmund
  4404 | D:4      | Reached skill level 1 in Fighting
  4404 | D:4      | Reached skill level 1 in Armour
  4554 | D:5      | Entered Level 5 of the Dungeon
  4561 | D:5      | Reached XP level 8. HP: 43/43 MP: 4/11
  4763 | D:5      | Reached skill level 9 in Earth Magic
  5252 | D:5      | Found a transporter.
  5693 | D:5      | Noticed a slime creature
  5693 | D:5      | Noticed a slime creature
  5751 | D:5      | Found a transporter.
  5753 | D:5      | Noticed happo123's ghost (novice KoEn)
  6244 | D:6      | Found a staircase to the Ecumenical Temple.
  6264 | D:6      | Noticed Prince Ribbit
  6286 | D:6      | Killed Prince Ribbit
  6287 | D:6      | Reached XP level 9. HP: 27/51 MP: 0/14
  6458 | D:6      | Found a sand-covered staircase.
  6498 | Ossuary  | Entered an ossuary
  7313 | D:6      | Noticed Eustachio
  7316 | D:6      | Killed Eustachio
  7317 | D:6      | Reached skill level 10 in Earth Magic
  7587 | Temple   | Entered the Ecumenical Temple
  7623 | Temple   | Became a worshipper of Ashenzari the Shackled
  7915 | D:7      | Found an iron altar of Okawaru.
  8400 | D:7      | Reached skill level 5 in Armour
  8564 | D:7      | Reached skill level 5 in Fighting
  8778 | D:7      | Found a shimmering altar of Xom.
  8851 | D:7      | Reached XP level 10. HP: 55/59 MP: 10/17
  9210 | D:8      | Reached skill level 5 in Spellcasting
  9367 | D:8      | Noticed an unseen horror
  9370 | D:8      | Killed an unseen horror
 10136 | D:8      | Found a white marble altar of Elyvilon.
 10192 | D:8      | Reached * piety under Ashenzari
 10834 | D:9      | Noticed a two-headed ogre
 10841 | D:9      | Killed a two-headed ogre
 10842 | D:9      | Reached skill level 11 in Earth Magic
 11301 | D:9      | Found a runed translucent gate.
 11301 | D:9      | Found a runed translucent gate.
 11302 | D:9      | Noticed a purple ugly thing
 11304 | D:9      | Noticed a green ugly thing
 11304 | D:9      | Noticed a white ugly thing
 11305 | D:9      | Found a runed translucent gate.
 11305 | D:9      | Noticed a red ugly thing
 11305 | D:9      | Noticed a green ugly thing
 11305 | D:9      | Noticed a glowing orange brain
 11746 | D:10     | Entered Level 10 of the Dungeon
 11748 | D:10     | Found a portal to a secret trove of treasure.
 11760 | D:10     | Reached ** piety under Ashenzari
 11812 | D:10     | Noticed a gargoyle
 11819 | D:10     | Killed a gargoyle
 11879 | D:10     | Found Waryvuu's Antique Armour Emporium.
 11900 | D:10     | Noticed Psyche
 11921 | D:10     | Killed Psyche
 11926 | D:10     | Reached XP level 11. HP: 29/66 MP: 7/20
 12129 | D:10     | Noticed a five-headed hydra
 12227 | D:10     | Found a stormy altar of Qazlal.
 12584 | D:10     | Found a glowing golden altar of the Shining One.
 12637 | D:10     | Killed a five-headed hydra
 13651 | D:11     | Noticed a cyclops
 13674 | D:11     | Killed a cyclops
 13878 | D:11     | Noticed a boulder beetle
 13887 | D:11     | Killed a boulder beetle
 13888 | D:11     | Reached skill level 12 in Earth Magic
 14000 | D:11     | Reached *** piety under Ashenzari
 14005 | D:11     | Noticed a manticore
 14034 | D:11     | Killed a manticore
 14125 | D:11     | Found a staircase to the Lair.
 14376 | D:11     | Found a staircase to the Orcish Mines.
 15100 | D:5      | Killed happo123's ghost
 15399 | Lair:1   | Entered Level 1 of the Lair of Beasts
 15944 | Lair:1   | Reached skill level 10 in Conjurations
 16067 | Lair:1   | Reached XP level 12. HP: 77/77 MP: 18/25
 16474 | Lair:1   | Reached **** piety under Ashenzari
 16839 | D:10     | Bought a runed scale mail for 147 gold pieces
 16839 | D:10     | Bought a tower shield for 94 gold pieces
 17075 | Lair:2   | Found a staircase to the Snake Pit.
 17337 | Lair:2   | Found a hazy altar of Hepliaklqana.
 17454 | Lair:2   | Reached skill level 1 in Shields
 18096 | Lair:3   | Found a gate leading to a gauntlet.
 18133 | Lair:3   | Slain by a blink frog

Illustrated notes

Levels and vault maps discovered:
D:1:      dpeg_arrival_tiny_a, layout_loops_ring,
          shapermc_ecumenical_altar_mp_vishouse
D:2:      layout_loops_cross, grunt_ministairs_3
D:3:      layout_rooms, nicolae_hepliaklqana_hazy_memory,
          mainiacjoe_overflow_chevrons, minmay_misc_feat_doors, kennysheep_nub
D:4:      layout_cave_pods, mainiacjoe_overflow_alcove_4,
          sigmund_edmund_badplayer
D:5:      cheibrodos_fertilizer, layout_basic, gammafunk_ghost_hive,
          grunt_ministairs_6
D:6:      layout_basic, minmay_temple_entry_junction,
          nicolae_ossuary_entry_ruins, uniq_eustachio, uniq_prince_ribbit1
D:7:      layout_rooms, okawaru_gym_becter, kennysheep_mini_moat
D:8:      layout_gridville, lemuel_round_altar, kennysheep_generic_room_16
D:9:      layout_rooms, ploomutoo_gammafunk_ghost_potion_laboratory
D:10:     layout_small_grid, general_overflow_altar, grunt_qazlal_clouds,
          serial_shops, nicolae_take_the_stairs, nicolae_trove_entry_crossroad,
          st_stairs_3, lemuel_old_faithful, uniq_psyche
D:11:     layout_long_grid, david_lair_shrubbed, erik_orc_1
Temple:   nicolae_temple_great_sept
Lair:1:   layout_misc_corridors
Lair:2:   layout_gridlike, guppyfry_snake_entry_garden, lemuel_oklob_altar,
          lemuel_fruit_tree
Lair:3:   layout_cave_pods, nicolae_volcano_entry_s_turn,
          gauntlet_entry_generic, infiniplex_staircase_pool_2

Skill      XL: |  1  2  3  4  5  6  7  8  9 10 11 12 |
---------------+-------------------------------------+-----
Earth Magic    | 4 5 6 7 8 9 10 11 12 | 12.8
Conjurations   | 1 2 4 5 6 7 8 10 | 10.4
Fighting       | 1 3 5 6 8 |  8.8
Armour         | 1 3 5 6 8 |  8.8
Spellcasting   | 3 4 6 7 |  7.7
Shields        | 1 |  1.5
Dodging        | 2 |  2.1
Stealth        | |  2.1
Transmutations | |  0.7

Action                   |  1- 3 |  4- 6 |  7- 9 | 10-12 || total
-------------------------+-------+-------+-------+-------++-------
Melee: Unarmed           |     2 |       |       |       ||     2
       Dagger            |       |   142 |    11 |       ||   153
       Flail             |       |       |   200 |   161 ||   361
 Cast: Sandblast         |    43 |    11 |     8 |       ||    62
       Stone Arrow       |       |       |    81 |   236 ||   317
Invok: Curse Item        |       |       |       |     7 ||     7
       Shatter the Chain |       |       |       |     1 ||     1
  Use: Scroll            |       |       |    13 |     1 ||    14
Armor: Robe              |     2 |    15 |       |       ||    17
       Leather armour    |       |    29 |   159 |   198 ||   386
Dodge: Dodged            |     8 |   111 |   176 |   219 ||   514
Block: Tower shield      |       |       |       |    46 ||    46

Table legend: (Time is in decaauts)
 A = Elapsed time spent in this place.
 B = Non-inter-level travel time spent in this place.
 C = Inter-level travel time spent in this place.
 D = Time resting spent in this place.
 E = Time spent auto-exploring this place.
 F = Levels seen in this place.
 G = Mean time per level.
                   A        B        C        D        E       F      G
               +--------+--------+--------+--------+--------+-----+--------+
         Total |  18319 |  17076 |   1243 |    834 |  12970 |  16 | 1144.9 |
       Dungeon |  15018 |  13929 |   1089 |    671 |  10720 |  11 | 1365.3 |
        Temple |     93 |     93 |      0 |      0 |     64 |   1 |   93.0 |
          Lair |   2601 |   2447 |    154 |    161 |   1872 |   3 |  867.0 |
       Ossuary |    606 |    606 |      0 |      2 |    314 |   1 |  606.0 |
               +--------+--------+--------+--------+--------+-----+--------+

Top non-repeatable levels by time:
     D:5: 2396 daAuts
    D:11: 2082 daAuts
     D:8: 1472 daAuts
  Lair:1: 1428 daAuts
     D:3: 1419 daAuts
     D:7: 1243 daAuts
    D:10: 1218 daAuts
     D:4: 1179 daAuts
     D:6: 1128 daAuts
     D:1: 1109 daAuts
  Lair:2: 1090 daAuts
     D:2: 928 daAuts
     D:9: 840 daAuts
 Ossuary: 606 daAuts
  Temple: 93 daAuts
